Cogmind - Beta 15 @@@ ROGUE MODE // 2025.09.08 @ 18:08:00 Player: konomiyu Result: Destroyed by D-53 Grenadier with Mini Grenade Launcher Performance ------------- Evolutions (0) 0 Regions Visited (4) 800 Robots Destroyed (20) 100 Value Destroyed (428) 428 Prototype IDs (25) 500 Alien Tech Used (0) 0 Bonus (300) 300 TOTAL SCORE: 2128 Bonus ------- Aligned with FarCom 300 Cogmind --------- Core Integrity 0/250 Matter 300/300 Energy 100/100 System Corruption 0% Temperature Cool (0) Movement Walking (190) Ox1 Location -9/Mines Parts ------- > --- POWER (1) -------- (None) > --- PROPULSION (2) --- Aluminum Leg > --- UTILITY (2) ------ Large Storage Unit Signal Interpreter > --- WEAPON (2) ------- (None) > --- INVENTORY (15) --- Ion Engine Ion Engine Light Treads Aluminum Leg Aluminum Leg Heat Sink Compact Matter Pod (150) Structural Scanner Sensor Array Targeting Computer Core Shielding Light Armor Plating Trap Reconfigurator Grenade Launcher Mining Laser Peak State ------------ > --- POWER ------------ Ion Engine > --- PROPULSION ------- Aluminum Leg Aluminum Leg > --- UTILITY ---------- Large Storage Unit Compact Matter Pod > --- WEAPON ----------- Assault Rifle Light Assault Rifle > --- INVENTORY -------- Ion Engine Ion Engine Light Treads Aluminum Leg Aluminum Leg Heat Sink Structural Scanner Sensor Array Signal Interpreter Targeting Computer Core Shielding Light Armor Plating Grenade Launcher Datajack Mining Laser [Rating: 10] Favorites ----------- Power Ion Engine Engine Ion Engine Propulsion Aluminum Leg Treads Light Treads Leg Aluminum Leg Utility Large Storage Unit Device Sensor Array Storage Large Storage Unit Processor Signal Interpreter Weapon Light Assault Rifle Ballistic Gun Light Assault Rifle Launcher Grenade Launcher Build | -11 -10 -10 -10 -9 ------- Run | Yrd Mat Min Exi Min Slots Evolved . | . . . . . Power . | . . . . . Propulsion . | . . . . . Utility . | . . . . . Weapon . | . . . . . Parts Attached 17 | 6 8 2 1 . Power 2 | 1 . . 1 . Engine 2 | 1 . . 1 . Core . | . . . . . Reactor . | . . . . . Propulsion 4 | 2 2 . . . Treads 2 | 2 . . . . Leg 2 | . 2 . . . Wheel . | . . . . . Hover . | . . . . . Flight . | . . . . . Utility 6 | 1 3 2 . . Device 1 | . 1 . . . Storage 4 | 1 2 1 . . Processor 1 | . . 1 . . Hackware . | . . . . . Protection . | . . . . . Artifact . | . . . . . Weapon 5 | 2 3 . . . Energy Gun . | . . . . . Energy Cannon . | . . . . . Ballistic Gun 4 | 2 2 . . . Ballistic Cannon . | . . . . . Launcher 1 | . 1 . . . Special Weapon . | . . . . . Impact Weapon . | . . . . . Slashing Weapon . | . . . . . Piercing Weapon . | . . . . . Special Melee Weapon . | . . . . . Unidentified Prototypes . | . . . . . Parts Lost 8 | . 4 . . 4 Power 1 | . . . . 1 Propulsion 3 | . 2 . . 1 Utility . | . . . . . Weapon 4 | . 2 . . 2 Highest Loss Streak 4 | . 3 . . 4 To Critical Strikes . | . . . . . Average Backups 12 | 3 11 15 15 15 Power 1 | . 1 2 2 2 Propulsion 2 | 1 2 3 3 3 Utility 5 | . 4 7 7 8 Weapon 1 | 1 1 2 2 2 Tool/Special . | . . . . . Unused Backups 11 | . 1 . 1 9 Power 2 | . 1 . . 1 Propulsion 2 | . . . . 2 Utility 6 | . . . . 6 Weapon . | . . . . . Tool/Special 1 | . . . 1 . Average Slot Usage (%) 99 | . 99 100 100 100 Engine 14 | . 14 14 14 14 Treads 9 | . 19 . . . Leg 18 | . 8 28 28 28 Device 5 | . 9 4 . . Storage 15 | . 17 14 14 14 Processor 5 | . . 9 14 14 Ballistic Gun 27 | . 27 28 28 28 Peak Build Rating 10 | 6 8 10 9 9 Average Rating 7 | 3 7 8 8 8 On Entrance 6 | . 6 8 8 9 Naked Turns . | . . . . . Heaviest Build 32 | 13 32 29 28 28 Greatest Support 40 | 40 40 20 20 20 Greatest Overweight (x) 2 | 1 1 1 1 2 Average Overweight (x) . | . . 1 1 1 Largest Inventory Capacity 15 | 8 15 15 15 15 Average Capacity 14 | 7 14 15 15 15 Most Carried 15 | 8 15 15 15 15 Average Carried 12 | 4 11 15 14 15 Final Capacity 15 | 8 15 15 15 15 Final Carried 15 | 4 15 15 15 15 Class Distribution -------------------- 100% | Mutant Dominant Class ---------------- Mutant | -10/Materials Mutant | -10/Mines Mutant | -10/Exiles Mutant | -9/Mines Resources | -11 -10 -10 -10 -9 ----------- Run | Yrd Mat Min Exi Min Matter Collected 791 | 189 572 30 . . Remotely . | . . . . . Salvage Created 648 | . 648 . . . Parts 36 | . 36 . . . Haulers Intercepted 2 | . 2 . . . Recyclers Shooed 2 | . 2 . . . Parts Field Recycled . | . . . . . Retrieved Matter . | . . . . . Parts Self-Destructed . | . . . . . Prevented . | . . . . . Kills | -11 -10 -10 -10 -9 ------- Run | Yrd Mat Min Exi Min Combat Hostiles Destroyed 12 | . 12 . . . Guns 7 | . 7 . . . AOE 5 | . 5 . . . Classes Destroyed 7 | . 7 . . . Builder 1 | . 1 . . . Hauler 2 | . 2 . . . Recycler 2 | . 2 . . . Operator 1 | . 1 . . . Watcher 2 | . 2 . . . Swarmer 3 | . 3 . . . Grunt 9 | . 9 . . . Best Kill Streak 6 | . 6 . . . Combat Bots Only 5 | . 5 . . . Max Kills in Single Turn 2 | . 2 . . . Gunslinging . | . . . . . Exploded 2 | . 2 . . . Melee . | . . . . . Uniques/NPCs Destroyed . | . . . . . Combat | -11 -10 -10 -10 -9 -------- Run | Yrd Mat Min Exi Min Hostile Shots Fired 81 | . 68 1 . 12 Missed 20 | . 18 1 . 1 Hits 61 | . 50 . . 11 Projectile 61 | . 50 . . 11 AOE 16 | . 3 . . 13 Damage Taken 1194 | . 731 . . 463 Core 261 | . 173 . . 88 Absorbed by Shields . | . . . . . Core Remaining (%) 100 | 100 . . . . Volleys Fired 55 | . 55 . . . Largest 2 | . 2 . . . Hottest 50 | . 50 . . . Shots Fired 106 | . 106 . . . Gun 101 | . 101 . . . Cannon . | . . . . . Launcher 5 | . 5 . . . Special . | . . . . . Kinetic 101 | . 101 . . . Thermal . | . . . . . Explosive 5 | . 5 . . . Electromagnetic . | . . . . . Robot Hit Streak 11 | . 11 . . . Robot Miss Streak 4 | . 4 . . . Penetration Max . | . . . . . Secondary Targets 1 | . 1 . . . Max Gunslinging Chain 1 | . 1 . . . Shots Hit Robots 62 | . 62 . . . Core Hits 38 | . 38 . . . Critical Kills . | . . . . . Critical Parts Destroyed . | . . . . . Critical Strikes . | . . . . . Melee Attacks . | . . . . . Impact . | . . . . . Slashing . | . . . . . Piercing . | . . . . . Sneak Attacks . | . . . . . Combat Hostiles . | . . . . . Follow-up Attacks . | . . . . . Damage Inflicted 923 | . 923 . . . Guns 593 | . 593 . . . Cannons . | . . . . . Explosions 330 | . 330 . . . Melee . | . . . . . Ramming . | . . . . . Kinetic 593 | . 593 . . . Thermal . | . . . . . Explosive 330 | . 330 . . . Electromagnetic . | . . . . . Impact . | . . . . . Slashing . | . . . . . Piercing . | . . . . . Highest Corruption . | . . . . . Average Corruption . | . . . . . Corruption Purged . | . . . . . Corruption Blocked . | . . . . . Overload Shots . | . . . . . Overflow Damage . | . . . . . Projectiles . | . . . . . Explosions . | . . . . . Melee . | . . . . . Knockbacks . | . . . . . Impact . | . . . . . Kinetic . | . . . . . Secondary . | . . . . . Self-Inflicted Damage . | . . . . . Shots . | . . . . . Rammed . | . . . . . Targets Rammed . | . . . . . Kicked . | . . . . . Crushed . | . . . . . Highest Temperature 32 | . 32 . . . Average Temperature 8 | . 8 . . . Received Heat Transfer 246 | . 246 . . . Siege Activations . | . . . . . Martial Activations . | . . . . . Shielding Activations . | . . . . . Robots Disrupted . | . . . . . Combat Hostiles . | . . . . . Robots Corrupted . | . . . . . Combat Hostiles . | . . . . . Parts Fried . | . . . . . Impact Corruptions . | . . . . . Robots Melted . | . . . . . Combat Hostiles . | . . . . . Parts Melted . | . . . . . Heat Transferred . | . . . . . Parts Sabotaged . | . . . . . Parts Stolen . | . . . . . Parts Stripped . | . . . . . Power Chain Reactions . | . . . . . Alert | -11 -10 -10 -10 -9 ------- Run | Yrd Mat Min Exi Min Maximum Alert Level . | . . . . . Low Security (%) 100 | 100 100 100 . 100 Level 1 . | . . . . . Level 2 . | . . . . . Level 3 . | . . . . . Level 4 . | . . . . . Level 5 . | . . . . . High Security . | . . . . . Max Security . | . . . . . Peak Influence 136 | . 136 15 . . Initial . | . . . . . Average 25 | . 41 . . . Influence Increases 407 | . 392 15 . . Destroy 0b10 Robot/C 240 | . 240 . . . Destroy 0b10 Robot/NC 40 | . 40 . . . Destroy Leader 58 | . 58 . . . Successful Hack 28 | . 28 . . . Disable Machine 15 | . . 15 . . Destroy Structure 11 | . 11 . . . Lose Combat Pursuer 15 | . 15 . . . Influence Decreases 407 | . 392 15 . . Time Decay 367 | . 352 15 . . Lost Part 40 | . 40 . . . Squads Dispatched 4 | . 4 . . . Investigation 4 | . 4 . . . Extermination . | . . . . . Reinforcement . | . . . . . Assault . | . . . . . Garrison . | . . . . . Intercept . | . . . . . Searches Triggered . | . . . . . Construction Impeded . | . . . . . Haulers Reinforced . | . . . . . Active Scanning Responses . | . . . . . Cargo Convoy Interrupts . | . . . . . Stealth | -11 -10 -10 -10 -9 --------- Run | Yrd Mat Min Exi Min Distress Signals 2 | . 2 . . . Communications Jammed . | . . . . . Distress Signals . | . . . . . Times Spotted 32 | . 27 2 . 3 Peak Tracking Total 6 | . 6 2 . 2 Tactical Retreats 2 | . 2 . . . Traps | -11 -10 -10 -10 -9 ------- Run | Yrd Mat Min Exi Min Traps Triggered 2 | . 2 . . . Indirectly . | . . . . . Trap Hack Attempts . | . . . . . Triggered . | . . . . . Disarmed . | . . . . . Reprogrammed . | . . . . . Reused . | . . . . . Traps Extracted . | . . . . . Installed . | . . . . . Triggered . | . . . . . Machines | -11 -10 -10 -10 -9 ---------- Run | Yrd Mat Min Exi Min Machines Disabled 1 | . . 1 . . Max in Single Turn . | . . . . . Machines Repaired . | . . . . . Machines Dismantled . | . . . . . Machines Sabotaged . | . . . . . Overloaded Fab Kills . | . . . . . Hacking | -11 -10 -10 -10 -9 --------- Run | Yrd Mat Min Exi Min Machines Accessed 11 | . 9 . 2 . Terminals 8 | . 8 . . . Fabricators . | . . . . . Repair Stations . | . . . . . Recycling Units 1 | . 1 . . . Scanalyzers . | . . . . . Garrison Access . | . . . . . Total Hacks 28 | . 26 . 2 . Successful 12 | . 10 . 2 . Failed 16 | . 16 . . . Catastrophic 5 | . 5 . . . Database Lockouts . | . . . . . Manual 15 | . 14 . 1 . Terminals 25 | . 25 . . . Fabricators . | . . . . . Repair Stations . | . . . . . Recycling Units 1 | . 1 . . . Scanalyzers . | . . . . . Garrison Access . | . . . . . Terminal Hacks 11 | . 9 . 2 . Record 5 | . 4 . 1 . Robot Analysis 2 | . 2 . . . Prototype ID Bank 1 | . 1 . . . Surveillance Status 1 | . 1 . . . Hauler Manifests 1 | . 1 . . . Proto ID Catalog 1 | . . . 1 . Fabricator Hacks . | . . . . . Repair Station Hacks . | . . . . . Recycling Unit Hacks 1 | . 1 . . . Report Inventory 1 | . 1 . . . Scanalyzer . | . . . . . Garrison Access Hacks . | . . . . . Unauthorized Hacks . | . . . . . Terminals . | . . . . . Fabricators . | . . . . . Repair Stations . | . . . . . Recycling Units . | . . . . . Scanalyzers . | . . . . . Garrison Access . | . . . . . Data Cores Recovered 1 | . 1 . . . Used . | . . . . . Hacking Detections 8 | . 8 . . . Full Trace Events 3 | . 3 . . . Feedback Events . | . . . . . Feedback Blocked . | . . . . . Robot Schematics Acquired . | . . . . . Robots Built . | . . . . . Authchips . | . . . . . Time . | . . . . . Total Robot Build Rating . | . . . . . Part Schematics Acquired . | . . . . . Parts Built . | . . . . . Authchips . | . . . . . Time . | . . . . . Total Part Build Rating . | . . . . . Parts Repaired . | . . . . . Time . | . . . . . Parts Recycled . | . . . . . Recycled Matter . | . . . . . Retrieved Matter . | . . . . . Retrieved Components . | . . . . . Parts Scanalyzed . | . . . . . Part Schematics Acquired . | . . . . . Parts Damaged . | . . . . . Bothacking | -11 -10 -10 -10 -9 ------------ Run | Yrd Mat Min Exi Min Used RIF Installer . | . . . . . Robots Hacked . | . . . . . Non-combat . | . . . . . Combat . | . . . . . Robot Hacks Applied . | . . . . . Relay Couplers Released . | . . . . . Fabnet Peak Effective % . | . . . . . Robots Rewired . | . . . . . Allies Hacked . | . . . . . Hacks Repelled . | . . . . . Allies | -11 -10 -10 -10 -9 -------- Run | Yrd Mat Min Exi Min Total Allies 2 | . . 2 . . Largest Group 2 | . . 2 . . Highest-Rated Group 42 | . . 42 . . Highest-Rated Ally 31 | . . 31 . . Total Orders . | . . . . . Ally Attacks 1 | . . 1 . . Total Damage 57 | . . 57 . . Kills 1 | . . 1 . . Allies Corrupted . | . . . . . Allies Melted . | . . . . . Intel | -11 -10 -10 -10 -9 ------- Run | Yrd Mat Min Exi Min Active Infowar (turns) 1128 | . 919 209 . . Sensors 1128 | . 919 209 . . Robot Analysis Total 2 | . 2 . . . Derelict Logs Recovered 1 | . . 1 . . Drone Launches . | . . . . . Drone Recoveries . | . . . . . Exploration | -11 -10 -10 -10 -9 ------------- Run | Yrd Mat Min Exi Min Turns Passed 2753 | 69 1361 631 520 172 Spaces Moved 1415 | 41 685 329 270 90 Core 16 | 16 . . . . Treads 506 | 25 481 . . . Legs 893 | . 204 329 270 90 Wheels . | . . . . . Hover . | . . . . . Flight . | . . . . . Fastest Speed 50 | 50 160 190 190 190 Average Speed 178 | 134 168 190 190 190 Slowest Speed 260 | 160 190 190 190 260 Overloaded Moves . | . . . . . Propulsion Burnouts . | . . . . . Robots Hopped . | . . . . . Potential Cave-ins . | . . . . . Cave-ins Triggered . | . . . . . Exploration Rate (%) 51 | 5 95 71 63 22 Regions Visited 4 Branch Regions 3 Pre-discovered Areas 1 | . . 1 . . Known Exits Taken 2 | . . 1 1 . Unknown Exits Taken 2 | 1 1 . . . Scrap Searched 1 | . . 1 . . Spaces Dug . | . . . . . Terrain Destroyed 13 | . 13 . . . Melee . | . . . . . Projectile . | . . . . . AOE 13 | . 13 . . . Terrain Rammed . | . . . . . Walls Destroyed . | . . . . . Machines Disabled . | . . . . . Actions | -11 -10 -10 -10 -9 --------- Run | Yrd Mat Min Exi Min Total 1552 | 55 794 334 278 91 Wait 32 | . 26 1 4 1 Move 1411 | 40 684 328 269 90 Hop . | . . . . . Pick Up 30 | 9 18 1 2 . Fast Attach 1 | 1 . . . . Attach 10 | 5 5 . . . Detach . | . . . . . Swap 8 | . 4 3 1 . Drop 5 | . 2 1 2 . Fire 55 | . 55 . . . Melee . | . . . . . Ram . | . . . . . Kick . | . . . . . Crush . | . . . . . Escape Stasis . | . . . . . Rewire . | . . . . . Trap . | . . . . . Miscellaneous . | . . . . . Route ------- -11/Scrapyard -10/Materials (discovered 4 exits: [*Mat x3] / [*Min]) -10/Mines (discovered 3 exits: [*Mat] / *Exi / *Sub) -10/Exiles -9/Mines History --------- Turn | Location | Event 2 | -11/Scrapyard | Met Revision 17 11 | -11/Scrapyard | Discovered new exit (range 15) 70 | -11/Scrapyard | Entered Materials 308 | -10/Materials | Build established: Mutant 637 | -10/Materials | Discovered new exit (range 13) 739 | -10/Materials | Discovered new exit (range 10) 875 | -10/Materials | Discovered new exit (range 3) 970 | -10/Materials | Derelicts attacked the area 1023 | -10/Materials | Core integrity fell below 50% 1056 | -10/Materials | Lost 3 parts (2n1w) 1131 | -10/Materials | Discovered new exit (range 8) 1431 | -10/Materials | Entered Mines 1557 | -10/Mines | Learned location of Zion (-7) 1616 | -10/Mines | Discovered new exit (range 11) 1644 | -10/Mines | Identified exit to Subcaves 1763 | -10/Mines | Discovered new exit (range 14) 2052 | -10/Mines | Deemed a non-threat by the Exiles lab entrance 2054 | -10/Mines | Discovered new exit (range 5) 2060 | -10/Mines | Identified exit to Exiles 2062 | -10/Mines | Entered Exiles 2112 | -10/Exiles | Met 8R-AWN 2140 | -10/Exiles | Met EX-HEX 2216 | -10/Exiles | Met EX-DEC 2241 | -10/Exiles | Met EX-BIN 2268 | -10/Exiles | Aligned with FarCom system 2270 | -10/Exiles | Given EX-Vault access code 2315 | -10/Exiles | Opened EX-Vault 2352 | -10/Exiles | Found Trap Reconfigurator 2397 | -10/Exiles | Exiles lab attacked by MAIN.C 2563 | -10/Exiles | Discovered new exit (range 10) 2580 | -10/Exiles | Identified exit to Mines 2582 | -10/Exiles | Left Exiles lab with Trap Reconfigurator 2582 | -10/Exiles | Entered Mines 2594 | -9/Mines | Met a Derelict bent on vengeance 2729 | -9/Mines | Assembled infested the area 2746 | -9/Mines | Core integrity fell below 20% 2754 | -9/Mines | Destroyed by D-53 Grenadier with Mini Grenade Launcher Last Messages --------------- 02580_ EXIT=IDENTIFIED: MINES LOCATION=MINES GOAL=ESCAPE 02582_ Receiving FarCom transmissions... 02584_ GM-J5T: "That was close. Too bad in all the rush we got split up from the others." 02607_ GM-J5T: "Oh no, it's like what happened to the Exiles when they were wandering homeless, only there's no Warlord to save us!" 02729_ ALERT: Infestation in the mines, dispatching Demolisher response squad. 02738_ C-30 ARC bursts open, deploying its payload. 02738_ D-53 Grenadier unfolds itself. 02739_ GM-J5T destroyed. 02745_ The unstable cave ceiling collapses. 02750_ Assault Rifle destroyed. 02752_ Lgt. Assault Rifle destroyed. 02752_ Aluminum Leg destroyed. 02754_ Ion Engine destroyed. Map ----- +----------------------------------------------------+ | ???????????????????????????????????????????????? | | ???????????????????????????????????????????????? | | ???????????????????????????????????????????????? | | ???????????????????????????????????????????????? | | ???????????????????????????????????????????????? | | ???????????????????????????????????????????????? | | ???????????????????????????????????????????????? | | ???????????????????????????????????????????????? | | ???????????????????????????????????????????????? | | ???????????????????????????????????????????????? | | ?????????????????????? ???????????????????????? | | ?????????????????????? a#??????????????????????? | | ?????????????????????# #??????????????????????? | | ?????????????????????# t###?????????##?????????? | | ??????????????????#### ##???????## ?????????? | | ?????????????????## ## #???????# ?????????? | | ???##### ????##### #???????# #????????? | | ???# ### ####?????# ##???###?? | | ??# % ???????# #### ##? | | ??# d% t ????????# ## | | ??# ##### d # #?????????# | | ????????????## #?????????# | | ????????????# ##????????# ## | | ????????????# #####???## ##? | | ????????????# ### ##### #######?? | | ????????????# @ # #???????? | | ????????????# #???????? | | ????????????# ### #???????? | | ????????????# ###?## ##???????? | | ????????????## ##????#####????????? | | ?????????????## ##??????????????????? | | ??????????????## ###???????????????????? | | ???????????????## ##?????????????????????? | | ????????????????#### ##??????????????????????? | | ???????????????????## ##???????????????????????? | | ????????????????????# #????????????????????????? | | ????????????????????# #????????????????????????? | | ????????????????????# #????????????????????????? | | ????????????????????# #????????????????????????? | | ????????????????????#g#????????????????????????? | | ????????????????????# #????????????????????????? | | ????????????????????# #????????????????????????? | | ????????????????????# #????????????????????????? | | ????????????????????# #????????????????????????? | | ????????????????????# #????????????????????????? | | ????????????????????# ######???????????????????? | | ????????????????????# #???????????????????? | | ????????????????????# #???????????????????? | | ????????????????????##### #???????????????????? | | ????????????????????????# #???????????????????? | +----------------------------------------------------+ Best States ------------- Heat Dissipation 25 Energy Generation 10 Energy Capacity 250 Matter Stores 440 Matter Capacity 500 Sight Range 16 Robot Scan Range 14 Terrain Scan Density 10 Evasion (%) 40 Recoil Reduction 2 Item Schematics ----------------- None Robot Schematics ------------------ None Fabricated ------------ Nothing Repaired ---------- Nothing Alien Tech Used ----------------- None Achievements -------------- None Challenges ------------ None Game ------ Seed GrenadeSmartbombSegregator Manual? 0 Play Time 00:26:17 Cumulative 10.9 hours Start 2025.09.08 @ 17:36:56 End 2025.09.08 @ 18:08:00 Sessions 1 Manual Loads 0 Difficulty Rogue Special Mode None Game No. 15 Rogue 15 Adventurer 0 Explorer 0 Win Type - Total 0 Types 0/0/0/0/0/0/0/0/0/0 Lore% 9 Gallery% 12 Achievement% 16 Wizard Run 0 Options --------- Layout 1 ASCII 0 Keyboard 0 Movement Mouse Keybinds 0 Fullscreen 2 Font 24/Smallcaps Map View 50x35 Zoom Use 0% Tactical HUD 1 Map Filters NONE Filters NONE Steam 1 RUN: 39d40907-19be-41ae-b2e5-46b37baad189